[Event "Titled Tuesday Blitz July 18 Early 2023"]
[White "Taboas Rodriguez, Daniel"]
[Black "Gholami Orimi, Mahdi"]
[WhiteFideId "2208466"]
[BlackFideId "12558486"]
[WhiteElo "2489"]
[BlackElo "2921"]
[Result "0-1"]
[Round "1"]
[TimeControl "180+2"]
[Date "2023.07.18"]
[WhiteClock "0:00:46"]
[BlackClock "0:00:53"]
[Board "29"]

1. d4 Nf6 2. Nf3 e6 3. c4 b6 4. Nc3 Bb4 5. Qc2 Bb7 6. a3 Bxc3+ 7. Qxc3 Ne4 8. Qc2 O-O 9. g3 f5 10. Bg2 Nf6 11. O-O Be4 12. Qc3 Qe8 13. b4 d6 14. Bb2 Nbd7 15. Rfd1 Qh5 16. Bf1 Rae8 17. Nd2 Bb7 18. e3 e5 19. d5 f4 20. exf4 exf4 21. Bg2 Ne5 22. Re1 Bc8 23. Ne4 f3 24. Bh1 g5 25. Qe3 Nxe4 26. Qxe4 Ng4 27. Qxe8 Qxh2+ 28. Kf1 Qxf2# 0-1


[Site "https://www.chess.com"]

[Event "Titled Tuesday Blitz July 18 Early 2023"]
[White "Jones, Gawain C B"]
[Black "Martins, Vinicius Tine"]
[WhiteFideId "409561"]
[BlackFideId "2112884"]
[WhiteElo "2918"]
[BlackElo "2484"]
[Result "1-0"]
[Round "1"]
[TimeControl "180+2"]
[Date "2023.07.18"]
[WhiteClock "0:00:15"]
[BlackClock "0:00:13"]
[Board "30"]

1. Nf3 c5 2. e4 Nc6 3. Bb5 g6 4. O-O Bg7 5. c3 Nf6 6. Re1 O-O 7. d4 d5 8. e5 Ne4 9. Be3 cxd4 10. cxd4 Qb6 11. Bxc6 bxc6 12. Qc2 f6 13. Nc3 Nxc3 14. Qxc3 Bg4 15. exf6 exf6 16. Nd2 Bd7 17. Nb3 Rae8 18. Bf4 Rxe1+ 19. Rxe1 Re8 20. h4 Bf8 21. Rxe8 Bxe8 22. Qe3 Kf7 23. Qe1 Bb4 24. Bd2 Bd6 25. g3 Bd7 26. Kg2 Qa6 27. Bb4 Bxb4 28. Qxb4 Bf5 29. Nc5 Qe2 30. Qb7+ Kg8 31. Qa8+ Kg7 32. Qxa7+ Kh6 33. Qa3 Kg7 34. Qe3 Qxb2 35. Qe7+ Kh6 36. Qf8+ Kh5 37. Qxf6 h6 38. a4 Qb1 39. Qe5 Qd1 40. Nd7 g5 41. Qe8+ Bg6 42. Nf6# 1-0


[Site "https://www.chess.com"]

[Event "Titled Tuesday Blitz July 18 Early 2023"]
[White "Mmukka"]
[Black "Molina, Roberto Junio Brito"]
[BlackFideId "2109450"]
[WhiteElo "2484"]
[BlackElo "2915"]
[Result "1-0"]
[Round "1"]
[TimeControl "180+2"]
[Date "2023.07.18"]
[WhiteClock "0:00:25"]
[BlackClock "0:00:29"]
[Board "31"]

1. e4 c6 2. d4 d5 3. exd5 cxd5 4. Bd3 Nc6 5. c3 g6 6. Bf4 Bh6 7. Bg3 Bf5 8. Be2 Nf6 9. Nf3 O-O 10. O-O Ne4 11. Re1 Nxg3 12. hxg3 Qd6 13. Bf1 e6 14. Nbd2 Bg4 15. Qb3 Bxf3 16. Nxf3 Rab8 17. Ne5 Nxe5 18. Rxe5 b5 19. Rd1 Bg7 20. Ree1 Rfd8 21. Be2 b4 22. c4 dxc4 23. Bxc4 Bxd4 24. Bxe6 fxe6 25. Rxe6 Bxf2+ 26. Kxf2 Qxd1 27. Re8+ Kg7 28. Qg8+ Kh6 29. Qf8+ Kh5 30. Re5+ g5 31. Qf7+ Kh6 32. Qf6+ 1-0


[Site "https://www.chess.com"]

[Event "Titled Tuesday Blitz July 18 Early 2023"]
[White "Demidov, Mikhail"]
[Black "Luo, Terry"]
[WhiteFideId "4197143"]
[BlackFideId "30931045"]
[WhiteElo "2915"]
[BlackElo "2482"]
[Result "1-0"]
[Round "1"]
[TimeControl "180+2"]
[Date "2023.07.18"]
[WhiteClock "0:00:22"]
[BlackClock "0:00:47"]
[Board "32"]

1. Nf3 Nf6 2. g3 g6 3. b3 Bg7 4. Bb2 d6 5. d4 O-O 6. Bg2 b5 7. O-O Bb7 8. Qd3 a6 9. Nbd2 Nbd7 10. e4 c5 11. e5 Nd5 12. a3 dxe5 13. dxe5 Qc7 14. Rfe1 Rfd8 15. Rab1 Nf8 16. Qe2 Ne6 17. h4 Nb6 18. Ng5 Bxg2 19. Nxe6 fxe6 20. Kxg2 Rd5 21. c4 bxc4 22. bxc4 Rd7 23. Nf3 Rad8 24. Ba1 Bh6 25. Rb3 Qc6 26. Qe4 Qxe4 27. Rxe4 Na4 28. Rb1 Rd1 29. Re1 R1d3 30. Rb7 Kf7 31. Bb2 R8d7 32. Rb8 Rd8 33. Rxd8 Rxd8 34. Bc1 Bxc1 35. Rxc1 Rd3 36. Ng5+ Ke8 37. Rb1 Rxa3 38. Rb8+ Kd7 39. Rb7+ Kc6 40. Rxe7 Rc3 41. Rxe6+ Kb7 42. Ne4 Rc2 43. Re8 Kc6 44. e6 Rxc4 45. Rc8+ Kd5 46. Ng5 Kd6 47. Rd8+ Ke7 48. Rd7+ Ke8 49. Nxh7 1-0


[Site "https://www.chess.com"]

[Event "Titled Tuesday Blitz July 18 Early 2023"]
[White "Erzhanov, Arman"]
[Black "demon64fields"]
[WhiteFideId "4138821"]
[WhiteElo "2482"]
[BlackElo "2912"]
[Result "1-0"]
[Round "1"]
[TimeControl "180+2"]
[Date "2023.07.18"]
[WhiteClock "0:00:30"]
[BlackClock "0:00:05"]
[Board "33"]

1. e4 e6 2. b3 d5 3. Bb2 Nf6 4. e5 Nfd7 5. f4 c5 6. Nf3 Nc6 7. c4 d4 8. Bd3 b6 9. Be4 Bb7 10. h4 h5 11. d3 g6 12. Nbd2 Qc7 13. Ng5 Ne7 14. Bxb7 Qxb7 15. Nde4 Nf5 16. Qf3 Rb8 17. a4 Be7 18. g4 hxg4 19. Qxg4 Ne3 20. Qe2 Bxg5 21. fxg5 Qc6 22. Rh3 a6 23. h5 gxh5 24. Rxh5 Rf8 25. Nf6+ Nxf6 26. exf6 Kd7 27. Rh7 Kd6 28. Bc1 Rh8 29. Qh2+ e5 30. Rxh8 Rxh8 31. Qxh8 Nc2+ 32. Kf2 Nxa1 33. g6 Qd7 34. Qf8+ Ke6 35. g7 Kxf6 36. Bg5+ Kf5 37. g8=Q Nxb3 38. Qfxf7+ Qxf7 39. Qxf7+ Kxg5 40. Qe7+ Kf5 41. Qf7+ Kg5 42. Qe6 Nc1 43. Qxe5+ Kg6 44. Qg3+ Kh5 45. Qf3+ Kg6 46. Qd1 Na2 47. Qg4+ Kf6 48. Qf4+ Ke6 49. Qh6+ Ke5 50. Qxb6 Nc1 51. Qxc5+ Ke6 52. Qxd4 1-0


[Site "https://www.chess.com"]

[Event "Titled Tuesday Blitz July 18 Early 2023"]
[White "Gordievsky, Dmitry"]
[Black "Mathieu, Phileas"]
[WhiteFideId "24112798"]
[BlackFideId "36048410"]
[WhiteElo "2909"]
[BlackElo "2481"]
[Result "1-0"]
[Round "1"]
[TimeControl "180+2"]
[Date "2023.07.18"]
[WhiteClock "0:00:10"]
[BlackClock "0:00:00"]
[Board "34"]

1. Nf3 c5 2. c4 Nc6 3. Nc3 g6 4. e3 Nf6 5. d4 cxd4 6. exd4 d5 7. cxd5 Nxd5 8. Qb3 Nxc3 9. Bc4 Nd5 10. Bxd5 e6 11. Bxc6+ bxc6 12. O-O Qd5 13. Qc2 Be7 14. Be3 f6 15. Rac1 Bd7 16. b3 Kf7 17. Nd2 a5 18. Nc4 Rhb8 19. Nb2 h5 20. Na4 h4 21. h3 Rb4 22. Rfd1 Qf5 23. Qe2 Rg8 24. Nc5 Qd5 25. Qa6 Bc8 26. Qxa5 Rb5 27. Qa7 g5 28. f3 Rg7 29. Qc7 Qd8 30. Qxd8 Bxd8 31. Ne4 Ke7 32. Rxc6 Bd7 33. Rc5 Rb7 34. Rc2 Bb6 35. Nc5 Rc7 36. Rdc1 Rg8 37. a4 Rgc8 38. Kf1 Bc6 39. Ke2 Bd5 40. b4 Bb3 41. Rc3 Bxc5 42. Rxb3 Bd6 43. Rxc7+ Rxc7 44. Kd3 Kd7 45. Bd2 Ra7 46. a5 Bc7 47. b5 Ra8 48. b6 Bb8 49. Kc4 Kc6 50. Rb5 Ra6 51. d5+ exd5+ 52. Rxd5 Bd6 53. Rxd6+ Kxd6 54. Kb5 Ra8 55. b7 Re8 56. Kb6 1-0


[Site "https://www.chess.com"]

[Event "Titled Tuesday Blitz July 18 Early 2023"]
[White "Fiedorek, Michal"]
[Black "Antipov, Mikhail Al."]
[WhiteFideId "1199528"]
[BlackFideId "4107012"]
[WhiteElo "2476"]
[BlackElo "2903"]
[Result "0-1"]
[Round "1"]
[TimeControl "180+2"]
[Date "2023.07.18"]
[WhiteClock "0:01:19"]
[BlackClock "0:00:48"]
[Board "35"]

1. e4 c5 2. Nf3 d6 3. d4 cxd4 4. Nxd4 Nf6 5. Nc3 a6 6. Nb3 g6 7. Be2 Bg7 8. g4 b5 9. g5 Nfd7 10. a4 b4 11. Nd5 Bb7 12. f3 Nc6 13. h4 e6 14. Ne3 Qc7 15. h5 O-O-O 16. h6 Be5 17. Nc4 Bg3+ 18. Kf1 d5 19. exd5 exd5 20. Ne3 Nde5 21. Kg2 d4 22. Nc4 Rhe8 23. Nxe5 Nxe5 24. Rh3 d3 25. cxd3 Nxf3 26. Bxf3 Re1 27. Bxb7+ Qxb7+ 28. Qf3 Rg1+ 29. Kxg1 Qxf3 30. Bd2 Rxd3 31. Rf1 Qg4 32. Rc1+ Bc7+ 0-1


[Site "https://www.chess.com"]

[Event "Titled Tuesday Blitz July 18 Early 2023"]
[White "Rasulov, Vugar"]
[Black "Rakitic2010"]
[WhiteFideId "13402390"]
[WhiteElo "2894"]
[BlackElo "2476"]
[Result "1-0"]
[Round "1"]
[TimeControl "180+2"]
[Date "2023.07.18"]
[WhiteClock "0:02:02"]
[BlackClock "0:01:07"]
[Board "36"]

1. e4 Nf6 2. e5 Nd5 3. d4 d6 4. Nf3 g6 5. Be2 Bg7 6. O-O O-O 7. h3 c5 8. exd6 exd6 9. c4 Nb6 10. Nc3 Nc6 11. dxc5 dxc5 12. Be3 Nd4 13. Rc1 Be6 14. b3 Qd7 15. Ne4 Rac8 16. Nxc5 Rxc5 17. Bxd4 Bxh3 18. Bxc5 Qg4 19. Ne1 Qg5 20. Be3 Qh4 21. gxh3 Be5 22. Bg4 f5 23. Nf3 1-0


[Site "https://www.chess.com"]

[Event "Titled Tuesday Blitz July 18 Early 2023"]
[White "Savitha Shri B"]
[Black "Baskakov, Egor"]
[WhiteFideId "35061887"]
[BlackFideId "24197866"]
[WhiteElo "2475"]
[BlackElo "2886"]
[Result "0-1"]
[Round "1"]
[TimeControl "180+2"]
[Date "2023.07.18"]
[WhiteClock "0:00:33"]
[BlackClock "0:00:25"]
[Board "37"]

1. e4 c5 2. Nf3 Nf6 3. Nc3 d5 4. exd5 Nxd5 5. Bc4 Nb6 6. Bb5+ Bd7 7. d4 e6 8. O-O cxd4 9. Qxd4 Nc6 10. Qf4 Be7 11. Rd1 Qb8 12. Qg4 Kf8 13. Be3 Be8 14. Bxb6 axb6 15. a4 h5 16. Qe4 h4 17. h3 Qc7 18. Rd2 Rd8 19. Rad1 Rxd2 20. Rxd2 Rh5 21. Ne2 g6 22. Rd3 Rf5 23. Rc3 Qd6 24. Rd3 Rd5 25. Bc4 Rxd3 26. Bxd3 Bf6 27. Nxh4 Bxb2 28. Nf3 Bf6 29. h4 Qb4 30. g3 Qxe4 31. Bxe4 Na5 32. g4 Bxa4 33. h5 gxh5 34. gxh5 Kg7 35. Kg2 Nc6 36. Nf4 b5 37. Nd3 b4 38. Bxc6 bxc6 39. Nxb4 c5 40. Nd3 Be7 41. Nfe1 Kh6 42. Ne5 f6 43. Ng6 Bd6 44. Nh8 Be8 45. Ng6 Kxh5 46. Ne7 Bxe7 47. Kg3 Kg5 48. f4+ Kf5 49. Nd3 Bd6 50. Kf3 Bc6+ 51. Ke3 Be4 52. Ne1 Bxf4+ 53. Ke2 c4 54. c3 Be5 55. Kf2 Bxc3 56. Ng2 Bxg2 57. Kxg2 Be5 58. Kf2 c3 59. Ke3 Kg5 60. Kd3 f5 61. Kc2 Kg4 62. Kd3 Kf3 63. Kc2 Ke2 64. Kb3 f4 65. Kc4 f3 0-1


[Site "https://www.chess.com"]

[Event "Titled Tuesday Blitz July 18 Early 2023"]
[White "Zhigalko, Sergei"]
[Black "Liu, Casper"]
[WhiteFideId "13502956"]
[BlackFideId "1454153"]
[WhiteElo "2882"]
[BlackElo "2473"]
[Result "1-0"]
[Round "1"]
[TimeControl "180+2"]
[Date "2023.07.18"]
[WhiteClock "0:01:41"]
[BlackClock "0:00:43"]
[Board "38"]

1. e4 c5 2. Nf3 d6 3. d4 cxd4 4. Qxd4 Nf6 5. Nc3 g6 6. e5 dxe5 7. Qxd8+ Kxd8 8. Nxe5 Be6 9. Bf4 Nbd7 10. O-O-O Bg7 11. Bb5 a6 12. Bxd7 Nxd7 13. Nxd7 Bxd7 14. Nd5 b5 15. Rd2 Ra7 16. Rhd1 e5 17. Be3 Rb7 18. Nb6 1-0


[Site "https://www.chess.com"]

[Event "Titled Tuesday Blitz July 18 Early 2023"]
[White "Wartiovaara, Oliver"]
[Black "Zemlyanskii, Ivan"]
[WhiteFideId "513024"]
[BlackFideId "24249971"]
[WhiteElo "2473"]
[BlackElo "2878"]
[Result "1/2-1/2"]
[Round "1"]
[TimeControl "180+2"]
[Date "2023.07.18"]
[WhiteClock "0:00:13"]
[BlackClock "0:00:05"]
[Board "39"]

1. Nf3 d5 2. d4 Nf6 3. c4 c6 4. e3 Bf5 5. Nh4 Bg6 6. Nc3 e6 7. Nxg6 hxg6 8. Qb3 Qc7 9. Bd2 Nbd7 10. cxd5 exd5 11. O-O-O Bd6 12. f3 Rxh2 13. Rxh2 Bxh2 14. e4 dxe4 15. fxe4 Bf4 16. e5 Nh5 17. Kb1 Bxd2 18. Rxd2 Nb6 19. d5 Nxd5 20. Nxd5 cxd5 21. Qxd5 Rd8 22. Qb5+ Kf8 23. Qb4+ Kg8 24. Rxd8+ Qxd8 25. Be2 Qd5 26. Bf3 Qd3+ 27. Kc1 b6 28. e6 fxe6 29. Qe7 Qc4+ 30. Kb1 Nf6 31. b3 Qd3+ 32. Kb2 Qd4+ 33. Ka3 Qc5+ 34. Qxc5 bxc5 35. Ka4 e5 36. Kb5 e4 37. Be2 Nd5 38. Kxc5 Nf4 39. Bc4+ Kf8 40. Kd4 Nxg2 41. Kxe4 Nh4 42. b4 Ke7 43. a4 Nf5 44. Bd5 Nd6+ 45. Kf4 Kf6 46. a5 g5+ 47. Kg3 Ke5 48. Bc6 Kd4 49. b5 Kc5 50. Kg4 Nxb5 51. Bd7 Nd6 52. Kxg5 Kb4 53. a6 Ka5 54. Kg6 Kxa6 55. Kxg7 Kb6 56. Kf6 a5 57. Ke5 Nb7 58. Kd4 Nc5 59. Be8 Ne6+ 60. Kc3 Kc5 61. Kb3 Nc7 62. Ka4 Kb6 63. Bg6 Ne6 64. Be8 Nd4 65. Ka3 Nf5 66. Ka2 Kc5 67. Ka1 Kb4 68. Bd7 Nd4 69. Be8 Kb3 70. Bd7 Nc2+ 71. Kb1 Nb4 72. Be8 Nd3 1/2-1/2


[Site "https://www.chess.com"]

[Event "Titled Tuesday Blitz July 18 Early 2023"]
[White "Galchenko, Matvey"]
[Black "Rodriguez Fontecha, Marcos"]
[WhiteFideId "24175480"]
[BlackFideId "2256576"]
[WhiteElo "2876"]
[BlackElo "2473"]
[Result "1-0"]
[Round "1"]
[TimeControl "180+2"]
[Date "2023.07.18"]
[WhiteClock "0:02:09"]
[BlackClock "0:01:16"]
[Board "40"]

1. f4 Nf6 2. Nf3 g6 3. g3 Bg7 4. Bg2 O-O 5. O-O d6 6. d3 c6 7. Nc3 Qc7 8. e4 e5 9. f5 Na6 10. Nh4 d5 11. g4 dxe4 12. g5 Nd5 13. Nxe4 Re8 14. Qf3 Bf8 15. c4 Nc5 16. cxd5 cxd5 17. Nf6+ 1-0


[Site "https://www.chess.com"]

[Event "Titled Tuesday Blitz July 18 Early 2023"]
[White "WindWhistler11"]
[Black "Donchenko, Alexander"]
[BlackFideId "24603295"]
[WhiteElo "2469"]
[BlackElo "2862"]
[Result "0-1"]
[Round "1"]
[TimeControl "180+2"]
[Date "2023.07.18"]
[WhiteClock "0:00:01"]
[BlackClock "0:01:20"]
[Board "41"]

1. c4 Nf6 2. Nf3 e6 3. g3 b6 4. Bg2 Bb7 5. O-O c5 6. b3 Be7 7. Bb2 O-O 8. e3 d6 9. Qe2 Nbd7 10. Rd1 Qc7 11. Nc3 Rac8 12. Rac1 Qb8 13. d3 Rfd8 14. h3 Qa8 15. e4 a6 16. a4 Nb8 17. Nd2 Nc6 18. f4 Re8 19. Qf2 d5 20. e5 Nd7 21. cxd5 Nb4 22. Nc4 exd5 23. Na3 Bf8 24. Kh2 f6 25. exf6 Nxf6 26. Nc2 d4 27. Ne2 Bxg2 28. Nxb4 cxb4 29. Rxc8 Rxc8 30. Bxd4 Bf3 31. Bxf6 Rc2 32. Re1 gxf6 33. g4 Qd5 34. d4 Qe4 35. Kg3 Rxe2 36. Rxe2 Bxe2 0-1


[Site "https://www.chess.com"]

[Event "Titled Tuesday Blitz July 18 Early 2023"]
[White "Gorovets, Andrey"]
[Black "Tomaszewski, Kacper"]
[WhiteFideId "13504037"]
[BlackFideId "1127373"]
[WhiteElo "2855"]
[BlackElo "2464"]
[Result "1-0"]
[Round "1"]
[TimeControl "180+2"]
[Date "2023.07.18"]
[WhiteClock "0:00:27"]
[BlackClock "0:00:00"]
[Board "42"]

1. Nf3 Nf6 2. c4 e6 3. g3 d5 4. Bg2 Nc6 5. d4 Bd6 6. b3 O-O 7. Bb2 dxc4 8. bxc4 Re8 9. O-O e5 10. c5 Bf8 11. Nxe5 Nxe5 12. dxe5 Qxd1 13. Rxd1 Ng4 14. c6 b6 15. Nc3 Bc5 16. Ne4 Ba6 17. e3 Nxe5 18. Nxc5 bxc5 19. Bxe5 Rxe5 20. Rd7 Rc8 21. Bd5 Rf5 22. e4 Rf6 23. e5 Rf5 24. f4 Kf8 25. Be4 Rh5 26. Rc1 c4 27. Bd5 Rf5 28. Kf2 Rb8 29. Rxc7 Rb2+ 30. Ke3 g5 31. Rxa7 gxf4+ 32. gxf4 Rxa2 33. c7 Ra3+ 34. Ke4 1-0


[Site "https://www.chess.com"]

[Event "Titled Tuesday Blitz July 18 Early 2023"]
[White "Besedes, Danilo"]
[Black "Rakhmanov, Aleksandr"]
[WhiteFideId "946796"]
[BlackFideId "4173708"]
[WhiteElo "2462"]
[BlackElo "2853"]
[Result "0-1"]
[Round "1"]
[TimeControl "180+2"]
[Date "2023.07.18"]
[WhiteClock "0:01:29"]
[BlackClock "0:02:06"]
[Board "43"]

1. b3 d5 2. Bb2 c6 3. Nf3 Bg4 4. e3 Nd7 5. d4 e6 6. Nbd2 f5 7. h3 Bh5 8. g4 Bg6 9. Bd3 Bd6 10. h4 fxg4 11. Bxg6+ hxg6 12. Ne5 Bxe5 13. dxe5 Rxh4 14. Rxh4 Qxh4 15. Nf1 Ne7 16. Qd4 Nf5 17. Qf4 g5 18. Qh2 Nxe3 19. Ke2 0-1


[Site "https://www.chess.com"]

[Event "Titled Tuesday Blitz July 18 Early 2023"]
[White "Ozen, Bahadir"]
[Black "JonSnowNW1"]
[WhiteFideId "6337058"]
[WhiteElo "2848"]
[BlackElo "2462"]
[Result "1-0"]
[Round "1"]
[TimeControl "180+2"]
[Date "2023.07.18"]
[WhiteClock "0:01:20"]
[BlackClock "0:00:00"]
[Board "44"]

1. g3 d5 2. Nf3 g6 3. Bg2 Bg7 4. O-O c6 5. d3 Nf6 6. Nbd2 Nbd7 7. e4 e5 8. Re1 O-O 9. b4 d4 10. Bb2 Re8 11. c3 c5 12. Nc4 b5 13. Nd6 Re6 14. Nxc8 Rxc8 15. Bh3 Re8 16. cxd4 cxd4 17. Qb3 Qb6 18. Ng5 Rf8 19. Rac1 Rce8 20. Rc2 h6 21. Nf3 Qb8 22. Nh4 Kh7 23. Rc6 Nb6 24. Rec1 Na4 25. Ba1 Re7 26. a3 Rd8 27. Qa2 Rd6 28. Rc8 Qb7 29. Nf5 Nb6 30. Nxd6 Qa6 31. R8c6 Ne8 32. Nxe8 Rxe8 33. Qxf7 Rf8 34. Qxg6+ Kh8 35. Rc7 Nd7 36. Qxa6 1-0


[Site "https://www.chess.com"]

[Event "Titled Tuesday Blitz July 18 Early 2023"]
[White "Begunov, Konstantin"]
[Black "Ter-Sahakyan, Samvel"]
[WhiteFideId "4118510"]
[BlackFideId "13302531"]
[WhiteElo "2461"]
[BlackElo "2847"]
[Result "0-1"]
[Round "1"]
[TimeControl "180+2"]
[Date "2023.07.18"]
[WhiteClock "0:00:10"]
[BlackClock "0:00:55"]
[Board "45"]

1. d4 Nf6 2. c4 e6 3. Nf3 c5 4. Nc3 d5 5. cxd5 cxd4 6. Nxd4 Nxd5 7. Bd2 Be7 8. e4 Nxc3 9. Bxc3 O-O 10. Bc4 a6 11. a3 b5 12. Ba2 Bb7 13. Qe2 Nc6 14. Nxc6 Bxc6 15. Rd1 Qc7 16. Qg4 e5 17. O-O Rad8 18. Qg3 Bf6 19. Bb4 Rxd1 20. Rxd1 Rd8 21. Rxd8+ Qxd8 22. Qb3 Qd7 23. f3 h5 24. Bc5 Bg5 25. Bd6 Qxd6 26. Qxf7+ Kh7 27. Qxh5+ Bh6 28. Qf5+ g6 29. Qf7+ Bg7 30. Bd5 Bxd5 31. exd5 Qc5+ 32. Kf1 Qc1+ 33. Ke2 Qxb2+ 34. Kd3 Qd4+ 35. Ke2 Qb2+ 36. Kd1 Qxa3 37. Qe6 Qd3+ 38. Ke1 Qf5 39. Qe7 Qb1+ 40. Ke2 Qa2+ 41. Kf1 Qc4+ 42. Ke1 Qxd5 43. Qh4+ Kg8 44. Qd8+ Qxd8 0-1


[Site "https://www.chess.com"]

[Event "Titled Tuesday Blitz July 18 Early 2023"]
[White "Mitrabha, Guha"]
[Black "Martin Barcelo, Carles"]
[WhiteFideId "5057000"]
[BlackFideId "24561444"]
[WhiteElo "2847"]
[BlackElo "2460"]
[Result "1-0"]
[Round "1"]
[TimeControl "180+2"]
[Date "2023.07.18"]
[WhiteClock "0:00:25"]
[BlackClock "0:00:01"]
[Board "46"]

1. Nf3 Nf6 2. g3 d5 3. Bg2 c5 4. O-O Nc6 5. d4 e6 6. c4 cxd4 7. Nxd4 Be7 8. Nc3 O-O 9. cxd5 exd5 10. Bg5 h6 11. Be3 Ng4 12. Bf4 g5 13. Bc1 Bf6 14. e3 Bg7 15. Nxd5 Nxd4 16. exd4 Be6 17. Ne3 Qxd4 18. Nxg4 Bxg4 19. Qb3 Rab8 20. Be3 Qxb2 21. Qxb2 Bxb2 22. Rab1 Be5 23. Bxa7 Ra8 24. Rxb7 Rfe8 25. a3 Bb2 26. Rxb2 Rxa7 27. a4 Re5 28. Ra1 Rea5 29. Bc6 Bd7 30. Bxd7 Rxd7 31. Rb5 Ra6 32. a5 Rda7 33. g4 Kg7 34. Kg2 Kf8 35. Kf3 Ke7 36. Re1+ Kf8 37. Ree5 Kg7 38. Ke4 Kf8 39. Kd4 Rd7+ 40. Red5 Rda7 41. Kc4 Rc7+ 42. Kb4 Rca7 43. Rb6 Ke7 44. Rxa6 Rxa6 45. Kb5 Ra8 46. a6 Ke6 47. Rf5 f6 48. Kb6 h5 49. h3 1-0


[Site "https://www.chess.com"]

[Event "Titled Tuesday Blitz July 18 Early 2023"]
[White "Baches Garcia, Guillermo"]
[Black "Vitiugov, Nikita"]
[WhiteFideId "2209764"]
[BlackFideId "4152956"]
[WhiteElo "2460"]
[BlackElo "2845"]
[Result "0-1"]
[Round "1"]
[TimeControl "180+2"]
[Date "2023.07.18"]
[WhiteClock "0:00:00"]
[BlackClock "0:00:07"]
[Board "47"]

1. e4 e5 2. Nf3 Nc6 3. Nc3 Nf6 4. d4 exd4 5. Nxd4 Bb4 6. Nxc6 bxc6 7. Bd3 O-O 8. O-O Re8 9. Bg5 h6 10. Bh4 d6 11. f4 Rb8 12. Kh1 Bc5 13. e5 dxe5 14. fxe5 Qd4 15. Bxf6 gxf6 16. Ne4 Rxe5 17. Nxc5 Qxc5 18. Rxf6 Kg7 19. Qf3 Be6 20. Rf1 Rf8 21. b3 Rg5 22. Qe4 Rh8 23. R6f2 Bd5 24. Qf4 Qd6 25. Qd4+ Qe5 26. Qxa7 Rh5 27. Rf4 Re8 28. Qf2 Rg5 29. Rxf7+ Kh8 30. Rh7+ Kg8 31. Rxh6 Bxg2+ 32. Qxg2 Rxg2 0-1


[Site "https://www.chess.com"]

[Event "Titled Tuesday Blitz July 18 Early 2023"]
[White "Bacrot, Etienne"]
[Black "Matyukov, Petr"]
[WhiteFideId "605506"]
[BlackFideId "4103688"]
[WhiteElo "2845"]
[BlackElo "2454"]
[Result "1-0"]
[Round "1"]
[TimeControl "180+2"]
[Date "2023.07.18"]
[WhiteClock "0:00:13"]
[BlackClock "0:00:04"]
[Board "48"]

1. e4 c6 2. Nf3 d5 3. Nc3 dxe4 4. Nxe4 Nf6 5. Qe2 Nxe4 6. Qxe4 Qd5 7. Qf4 Qf5 8. Qxf5 Bxf5 9. b3 Nd7 10. Bb2 f6 11. O-O-O O-O-O 12. Nd4 Bg6 13. Ne6 Re8 14. Bc4 Bf7 15. Rhe1 Nb6 16. Bf1 Bxe6 17. Rxe6 Kd7 18. Rde1 Nd5 19. g3 Nc7 20. R6e3 e5 21. Bh3+ Kd8 22. d4 exd4 23. Rxe8+ Nxe8 24. Bxd4 b6 25. c4 Nc7 26. Kc2 Bd6 27. Rd1 Ke7 28. Re1+ Kf7 29. Bd7 c5 30. Bc3 Rd8 31. Bc6 Ne6 32. Bd5 Re8 33. f4 f5 34. Rxe6 Rxe6 35. Bxe6+ Kxe6 36. Bxg7 h5 37. Kd3 a6 38. Ke3 b5 39. cxb5 axb5 40. h3 Be7 41. Kf3 Kf7 42. Be5 c4 43. bxc4 bxc4 44. g4 hxg4+ 45. hxg4 Kg6 46. Bc3 Bc5 47. a4 Ba7 48. a5 Bc5 49. g5 Kh5 50. Bd2 Kg6 51. Be3 1-0


[Site "https://www.chess.com"]

[Event "Titled Tuesday Blitz July 18 Early 2023"]
[White "Bochnicka, Vladimir"]
[Black "Wagh Suyog"]
[WhiteFideId "14943450"]
[BlackFideId "25071688"]
[WhiteElo "2453"]
[BlackElo "2841"]
[Result "1-0"]
[Round "1"]
[TimeControl "180+2"]
[Date "2023.07.18"]
[WhiteClock "0:00:22"]
[BlackClock "0:00:15"]
[Board "49"]

1. e4 e6 2. d4 d5 3. exd5 exd5 4. Nf3 Bd6 5. Bd3 Nc6 6. O-O Nge7 7. c4 dxc4 8. Bxc4 O-O 9. h3 Bf5 10. Nc3 Qd7 11. Re1 Rad8 12. Bg5 h6 13. Bxe7 Nxe7 14. Ne5 Bxe5 15. dxe5 Qc6 16. Qb3 a6 17. e6 f6 18. Rac1 b5 19. Nd5 Qd6 20. Nxe7+ Qxe7 21. Bd5 Rd6 22. Rc6 Rfd8 23. Rxd6 Rxd6 24. g4 Bg6 25. Bg2 Bd3 26. Qa3 Bc4 27. b3 Bxe6 28. Bd5 Kf7 29. Rxe6 Rxe6 30. Qxa6 c6 31. Qxc6 b4 32. Qxe6+ Qxe6 33. Bxe6+ Kxe6 34. Kf1 Ke5 35. Ke2 Kf4 36. Kd3 Kf3 37. Kc4 Kxf2 38. Kxb4 g6 39. a4 f5 40. gxf5 gxf5 41. a5 f4 42. a6 f3 43. a7 Kg3 44. a8=Q f2 45. Qh1 h5 46. Qf1 1-0


[Site "https://www.chess.com"]

[Event "Titled Tuesday Blitz July 18 Early 2023"]
[White "KhalilMousavi98"]
[Black "Gatterer, Florian"]
[BlackFideId "811688"]
[WhiteElo "2839"]
[BlackElo "2450"]
[Result "1-0"]
[Round "1"]
[TimeControl "180+2"]
[Date "2023.07.18"]
[WhiteClock "0:01:51"]
[BlackClock "0:00:38"]
[Board "50"]

1. e4 c5 2. Nf3 e6 3. d4 cxd4 4. Nxd4 Nf6 5. Nc3 Nc6 6. Be2 Bb4 7. O-O Bxc3 8. bxc3 Nxe4 9. Bf3 d5 10. Nxc6 bxc6 11. Ba3 c5 12. Bxe4 dxe4 13. Qg4 O-O 14. Bxc5 f5 15. Qf4 Re8 16. Bd4 Qa5 17. Be5 Ba6 18. Rfd1 Bc4 19. Rd7 1-0


[Site "https://www.chess.com"]

[Event "Titled Tuesday Blitz July 18 Early 2023"]
[White "Tanmay Jain"]
[Black "Timofeev, Artyom"]
[WhiteFideId "45015481"]
[BlackFideId "4140419"]
[WhiteElo "2449"]
[BlackElo "2839"]
[Result "0-1"]
[Round "1"]
[TimeControl "180+2"]
[Date "2023.07.18"]
[WhiteClock "0:00:02"]
[BlackClock "0:01:11"]
[Board "51"]

1. Nf3 Nf6 2. d4 g6 3. g3 Bg7 4. Bg2 d5 5. O-O O-O 6. c3 Nc6 7. Bf4 Nh5 8. Nbd2 Nxf4 9. gxf4 e6 10. e3 b6 11. Ne5 Ne7 12. c4 c5 13. Ndf3 Bb7 14. dxc5 bxc5 15. Qc2 Qc7 16. Rac1 d4 17. Rfd1 Nf5 18. e4 Ne7 19. Re1 a5 20. Nd3 Qb6 21. Nd2 Nc6 22. e5 Nb4 23. Nxb4 axb4 24. Bxb7 Qxb7 25. b3 Rfd8 26. Ne4 Qa7 27. Ra1 d3 28. Qd2 Rd4 29. Re3 Rad8 30. Rae1 Qb6 31. Rh3 Qc6 32. f3 Qc7 33. Kh1 Qe7 34. Rg1 Ra8 35. Rg2 Rf8 36. Rhg3 f5 37. Nf2 Bh6 38. Nh3 Qh4 39. Ng5 Bxg5 40. fxg5 Qf4 41. Qxf4 Rxf4 42. Rd2 Rd8 43. Kg1 Kg7 44. Kf2 h6 45. Ke3 Rfd4 46. gxh6+ Kxh6 47. Rdg2 f4+ 48. Kd2 fxg3 0-1


[Site "https://www.chess.com"]

[Event "Titled Tuesday Blitz July 18 Early 2023"]
[White "Fridman, Daniel"]
[Black "Delorme, Axel"]
[WhiteFideId "11600454"]
[BlackFideId "632023"]
[WhiteElo "2838"]
[BlackElo "2448"]
[Result "1-0"]
[Round "1"]
[TimeControl "180+2"]
[Date "2023.07.18"]
[WhiteClock "0:01:48"]
[BlackClock "0:00:05"]
[Board "52"]

1. d4 d5 2. Nf3 e6 3. c4 c6 4. Bg5 Be7 5. Bxe7 Qxe7 6. e3 Nf6 7. Nc3 O-O 8. h3 dxc4 9. Bxc4 c5 10. O-O Nc6 11. dxc5 Qxc5 12. Qe2 b6 13. Rac1 Bb7 14. a3 Rfd8 15. Ba6 Bxa6 16. Qxa6 Qa5 17. Qb7 Rac8 18. b4 Qxa3 19. Nb5 Qxb4 20. Rxc6 Rxc6 21. Qxc6 h6 22. Nxa7 Qa5 23. Nb5 Nd5 24. Nbd4 Rb8 25. Qb5 1-0


[Site "https://www.chess.com"]